 Dungeon Crawl Stone Soup version 0.29.1-15-g9cfb28693d (webtiles) character file.

Game seed: 16248677500854728765

189 Cirac the Covered (level 5, -1/40 HPs)
             Began as a Demigod Wanderer on July 17, 2023.
             Slain by an adder (2 damage)
             ... on level 3 of the Dungeon.
             The game lasted 00:14:27 (2329 turns).

Cirac the Covered (Demigod Wanderer)                Turns: 2329, Time: 00:14:28

Health: -1/40      AC: 12    Str: 12    XL:     5   Next: 17%
Magic:  9/9        EV:  6    Int: 17    God:
Gold:   74         SH:  0    Dex: 15    Spells: 5/6 levels left

rFire   . . .      SeeInvis .   h - +2 dagger (venom)
rCold   . . .      Faith    .   (no shield)
rNeg    . . .      Spirit   .   d - +0 chain mail
rPois   .          Reflect  .   (no helmet)
rElec   .          Harm     .   l - +0 cloak
rCorr   .          Rampage  .   (no gloves)
Will    .....                   t - +0 pair of boots
Stlth   ..........              q - amulet of regeneration
HPRegen 0.93/turn               (no ring)
MPRegen 0.11/turn               (no ring)

@: lethally poisoned (-1 -> -4)
A: high MP 1, forlorn, divine attributes
a: no special abilities


You were on level 3 of the Dungeon.
You visited 1 branch of the dungeon, and saw 3 of its levels.

You collected 74 gold pieces.

Inventory:

Hand Weapons
 a - a +0 club
 f - a +3 sling of flaming
 h - a +2 dagger of venom (weapon)
Armour
 d - a +0 chain mail (worn)
 l - a +0 cloak (worn)
 t - a +0 pair of boots (worn)
Jewellery
 q - an amulet of regeneration (around neck)
Wands
 b - a wand of flame (3)
 u - a wand of mindburst (7)
Scrolls
 e - 2 scrolls of poison {unknown}
 i - a scroll of immolation {unknown}
 m - a scroll of magic mapping {unknown}
 n - 2 scrolls of blinking {unknown}
 p - 4 scrolls of identify {unknown}
 r - a scroll of enchant armour {unknown}
 s - a scroll of teleportation {unknown}
Potions
 c - a potion of brilliance
 g - a potion of flight {unknown}
 j - a potion of curing {unknown}
 k - 2 potions of might {unknown}
 o - a potion of attraction {unknown}
 v - a potion of resistance {unknown}


   Skills:
 + Level 1.6 Fighting
 * Level 2.9 Short Blades
 - Level 1.0 Ranged Weapons
 - Level 4.9 Armour
 * Level 1.3 Dodging
 * Level 1.4 Stealth
 + Level 1.0 Spellcasting
 - Level 1.7 Earth Magic
 - Level 1.0 Evocations


You had 5 spell levels left.
You knew the following spells:

 Your Spells              Type           Power      Damage    Failure   Level
a - Sandblast             Erth           12%        2d6       97%         1

Your spell library contained the following spells:

 Spells                   Type           Power      Damage    Failure   Level
 Summon Small Mammal      Summ           0%         N/A       100%        1
 Call Canine Familiar     Summ           0%         N/A       100%        3
 Stone Arrow              Conj/Erth      6%         3d7       100%        3
 Summon Guardian Golem    Hex/Summ       0%         N/A       100%        3


Dungeon Overview and Level Annotations

Branches:
Dungeon (3/15)

Annotations:
D:3 Grinder


Innate Abilities, Weirdness & Mutations

You have an increased reservoir of magic. (+10% MP)
You shall have no god before yourself.
Your divine heritage dramatically boosts your attributes as you level up.


Message History

The adder is heavily wounded.
You feel sick. The adder bites you but does no damage.
You barely miss the adder.
The adder is heavily wounded.
You feel sick. The adder bites you but does no damage.
Grinder barely misses you. The adder bites you.
You are more poisoned.
The adder poisons you!
You barely miss the adder.
The adder is heavily wounded.
You feel sick. Grinder hits you.
You writhe in agony.
The adder bites you but does no damage.
You barely miss the adder.
The adder is heavily wounded.
You feel sick. Grinder hits you.
* * * LOW HITPOINT WARNING * * *
You writhe in agony.
* * * LOW HITPOINT WARNING * * *
The adder completely misses you.
Aiming: Mindburst
Press: ? - help, Q - select action, (/) - cycle Shift-Dir - straight line, f - Grinder
Aim: Grinder (lightly wounded, chance to affect: 69%) Grinder's mind is blasted!!
You feel sick. The adder bites you.
* * * LOW HITPOINT WARNING * * *
Grinder gestures at you.
You struggle to resist.
Grinder attacks as you move away! Grinder hits you.
* * * LOW HITPOINT WARNING * * *
You writhe in agony.
* * * LOW HITPOINT WARNING * * *
You feel sick. The adder bites you but does no damage.
Grinder says, "FISH!"
Grinder gestures at you.
You struggle to resist.
The adder bites you.
* * * LOW HITPOINT WARNING * * *
You are lethally poisoned!
The adder poisons you! The adder attacks as you move away! The adder bites you.
You die...

#.... #.#.#....#
#.... #.....####
#... ###.#.#
########### #.#.#
.......# #.#.#
######.# #.#.# #.#
#.#.# #.# #.#.#
###
#.#########@#.#
..#
#.#.......S.#.#
#.# #.#.......5.#
#.# #.#.........#
#.####.#.........#
#......#.........#
########.........#
.... ...........#
#############.##.#


You could see Grinder and an adder.

Vanquished Creatures
  2 hounds (D:3)
  Robin (D:2)
  4 adders
  A worm (D:2)
  2 orcs (D:3)
  9 endoplasms
  4 giant cockroaches
  8 hobgoblins
  8 jackals (D:2)
  6 kobolds
  A quokka (D:2)
  3 ball pythons
  5 bats
  5 frilled lizards
  7 goblins
  6 rats
72 creatures vanquished.

Vanquished Creatures (others)
  A plant (D:2)
1 creature vanquished.

Grand Total: 73 creatures vanquished

Notes
Turn   | Place    | Note
-------+----------+-------------------------------------------
     0 | D:1      | Cirac the Demigod Wanderer began the quest for the Orb.
     0 | D:1      | Cirac set off with the following items: a +0 club, a wand
                  | of flame (3), a potion of brilliance, a +0 chain mail; and
                  | the following spell memorised: Sandblast; and the following
                  | spells available to memorise: Stone Arrow.
     0 | D:1      | Reached XP level 1. HP: 16/16 MP: 4/4
   439 | D:1      | Reached XP level 2. HP: 23/23 MP: 5/5
   891 | D:1      | Reached skill level 1 in Ranged Weapons
  1201 | D:2      | Reached XP level 3. HP: 23/28 MP: 6/6
  1266 | D:2      | Reached skill level 1 in Short Blades
  1399 | D:2      | Noticed Robin
  1406 | D:2      | Killed Robin
  1665 | D:2      | Reached skill level 1 in Stealth
  1665 | D:2      | Reached XP level 4. HP: 33/35 MP: 8/8
  1675 | D:2      | Reached skill level 1 in Dodging
  2088 | D:3      | Reached XP level 5. HP: 40/40 MP: 9/9
  2285 | D:3      | Noticed Grinder
  2290 | D:3      | Paralysed by Grinder for 5 turns
  2315 | D:3      | Paralysed by Grinder for 5 turns
  2328 | D:3      | HP: 1/40 [adder (3)]
  2329 | D:3      | Slain by an adder

Illustrated notes

Levels and vault maps discovered:
D:1:      dpeg_arrival_three_bigger_balls, layout_basic,
          dilly_ecumenical_altar_fadedgnrine
D:2:      layout_loops_cross, serial_bayou_pond_b, nicolae_underground_beach,
          uniq_robin
D:3:      layout_basic, uniq_grinder

Skill      XL: |  1  2  3  4 |
---------------+-------------+-----
Ranged Weapons | 1 |  1.0
Short Blades   | 1 2 |  2.9
Stealth        | 1 |  1.4
Dodging        | 1 |  1.3
Fighting       | |  1.6
Armour         | |  4.9
Spellcasting   | |  1.0
Earth Magic    | |  1.7
Evocations     | |  1.0

Action                   |  1- 3 |  4- 6 || total
-------------------------+-------+-------++-------
Melee: Dagger            |   113 |    99 ||   212
       Club              |     3 |       ||     3
       Punch             |     1 |     1 ||     2
 Fire: Sling             |     6 |       ||     6
Evoke: Wand              |       |     1 ||     1
Armor: Chain mail        |    78 |    96 ||   174
Dodge: Dodged            |    39 |    26 ||    65
